[Event "Late-Titled-Tuesday-Blitz-November-28-2023"]
[Site "Chess.com"]
[Date "2023.11.28"]
[Round "5"]
[White "TheMagician"]
[Black "Elbebiber"]
[Result "1-0"]
[WhiteElo "2301"]
[BlackElo "2128"]
[TimeControl "180+1"]
[EndTime "14:54:38 PST"]
[Termination "TheMagician won on time"]

1. e4 d5 2. exd5 Nf6 3. Nc3 Nxd5 4. Bc4 Nb6 5. Bb3 Nc6 6. Nf3 Bf5 7. d3 e6 8. h3 Be7 9. O-O O-O 10. Re1 Na5 11. Be3 Nxb3 12. axb3 a6 13. Nd4 Bg6 14. Qf3 Nd5 15.
Nxd5 Qxd5 16. Qxd5 exd5 17. Bf4 Bf6 18. Be5 Bd8 19.
b4 Rc8 20. Nb3 Be7 21. Bxg7 Bxb4 22. Bxf8 Bxe1 23. Rxe1 Kxf8 24. f4 Bf5 25. g4 Bd7 26.
Nc5 Bc6 27. d4 a5 28. f5 b6 29. Nd3 Re8 30. Ne5 f6 31. Nd3 Rxe1+ 32. Nxe1 Ke7 33. Kf2 Bb5 34. h4 h6 35. Nf3 Bc4 36.
Ke3 Bf1 37. g5 hxg5 38. hxg5 fxg5 39. Nxg5 Kf6 40. Kf4 b5 41. Ne6 c6 42. Nd8 Bh3 43. Nxc6 Bxf5 44. Nxa5 Bxc2 45. Nc6 Bd3 46. Nb4 Bc4 47.
Nc2 Ke6 48. b4 Kf6 49. Ne3 Ke6 50. Ng4 Bb3 51. Ne5 Bc4 52. Nc6 Ba2 53. Kg5 Bc4 54. Ne5 Ba2 55. Ng6 Bc4 56. Nf4+ Kd6 57. Kf6 Bb3 58. Ng6 Bc4 59. Nh8 Bb3 60. Nf7+ Kc6 61.
Ke5 Bc4 62. Nd6 Kd7 63. Nf5 Kc6 64. Ne3 Bb3 65. Ke6 Bc4 66. Ng4 Bb3 67. Ne5+ Kb6 68.
Kd6 Bc4 69. Nd7+ Kb7 70. Nf6 Bf1 71. Kc5 1-0

[Event "Late-Titled-Tuesday-Blitz-November-28-2023"]
[Site "Chess.com"]
[Date "2023.11.28"]
[Round "5"]
[White "DraningWaterHi"]
[Black "cthulhuuu"]
[Result "0-1"]
[WhiteElo "2177"]
[BlackElo "2494"]
[TimeControl "180+1"]
[EndTime "14:54:47 PST"]
[Termination "cthulhuuu won by checkmate"]

1. d4 Nf6 2. c4 e5 3. dxe5 Ng4 4. Nf3 Bc5 5. e3 Nc6 6. a3 a5 7. Qd5 Qe7 8. Nc3 Ngxe5 9. Nxe5 Nxe5 10. Be2 O-O 11.
O-O d6 12. Qd1 c6 13. Ne4 Bf5 14. Nxc5 dxc5 15. Qb3 a4 16. Qc3 Ra6 17. f3 Rb6 18. e4 Bc8 19. Bf4 f6 20. Qc2 Rb3 21. Rad1 Be6 22.
Bc1 Qf7 23. f4 Nxc4 24. f5 Ne5 25. fxe6 Qxe6 26. Bf4 Kh8 27. Bxe5 Qxe5 28. Bc4 Re3 29. Rde1 Qd4 30. Rxe3 Qxe3+ 31. Kh1 Re8 32. Qd3 Qd4 33. Qxd4 cxd4 34. Bd3 c5 35. Rc1 b6 36. g4 h5 37. h3 hxg4 38. hxg4 Kh7 39. Kg2 Kh6 40. Kf3 Kg5 41. Rh1 g6 42. Rh7 Rc8 43. Bc4 b5 44. Bxb5 Rb8 45. Bxa4 Rxb2 46. Rg7 Ra2 47. Be8 Rxa3+ 48. Ke2 Kf4 49. Bxg6 c4 50. Bf5 Ra2+ 51. Kd1 Ke3 52. Rc7 c3 53. e5 fxe5 54. g5 Rf2 55. Bh7 d3 56. Bxd3 Kxd3 57. Rd7+ Ke3 58. g6 Rg2 59. g7 e4 60. Re7 Kd3 61. Rd7+ Ke3 62. Rc7 c2+ 63. Rxc2 Rg1# 0-1

[Event "Late-Titled-Tuesday-Blitz-November-28-2023"]
[Site "Chess.com"]
[Date "2023.11.28"]
[Round "5"]
[White "elchacal664"]
[Black "ural58"]
[Result "1-0"]
[WhiteElo "2356"]
[BlackElo "2468"]
[TimeControl "180+1"]
[EndTime "14:54:48 PST"]
[Termination "elchacal664 won by resignation"]

1. e4 d5 2. Nf3 dxe4 3. Ng5 e5 4. Nxe4 f5 5. Nec3 Be6 6. a4 Nd7 7. Na3 Nb6 8. a5 Nd5 9. Nc4 Nxc3 10. bxc3 Qf6 11.
Rb1 Bd5 12. Ne3 Bc6 13. Bb5 O-O-O 14. Bxc6 Qxc6 15. O-O f4 16. Qg4+ Kb8 17. Nd1 Nf6 18.
Qe2 Bc5 19. Nb2 e4 20. d4 f3 21. Qc4 fxg2 22. Re1 Bd6 23. Qxc6 bxc6 24. Nc4+ Kc8 25. Bg5 Rhe8 26. a6 Kd7 27. Rb7 h6 28. Bh4 g5 29. Bg3 Bxg3 30. hxg3 Nd5 31. Ne5+ Rxe5 32. dxe5 Nxc3 33. Rxa7 Re8 34. Re3 Nb5 35. Rb7 Ra8 36. c4 Nd4 37. Rxe4 c5 38. e6+ Nxe6 39. a7 Nd8 40.
Rb8 Rxa7 41. Re5 Ne6 42. Rh8 Nd4 43. Kxg2 Ra6 44. Rxc5 Rd6 45. Rd5 Rxd5 46. cxd5 Nf5 47. Rf8 Ne7 48. Rf7 Kd6 49. Rh7 Nf5 50. g4 Nh4+ 51.
Kg3 Kxd5 52. Rxh6 c5 53. f4 gxf4+ 54. Kxh4 c4 55. Rh8 c3 56. g5 f3 57. Kg3 1-0

[Event "Late-Titled-Tuesday-Blitz-November-28-2023"]
[Site "Chess.com"]
[Date "2023.11.28"]
[Round "5"]
[White "Njal28"]
[Black "DreamsAreFake"]
[Result "1-0"]
[WhiteElo "3006"]
[BlackElo "2666"]
[TimeControl "180+1"]
[EndTime "14:54:49 PST"]
[Termination "Njal28 won by resignation"]

1. e4 c6 2. d4 d5 3. e5 c5 4. Nf3 Bg4 5. dxc5 e6 6. Be3 Nc6 7. c3 Nge7 8. Nbd2 Ng6 9. Qa4 Bxf3 10. Nxf3 Qc7 11. Bb5 Be7 12. O-O O-O 13. Bxc6 bxc6 14. Rfe1 Rfb8 15. Rab1 a5 16. Bd4 Nf4 17. Qc2 Qa7 18.
Qd2 Ng6 19. Qe3 a4 20. b4 axb3 21. axb3 Qa2 22. b4 Bd8 23. Qd2 Qa6 24. g3 Ne7 25. Qe2 Nc8 26. Qxa6 Rxa6 27. Nd2 Na7 28. Ra1 Rxa1 29.
Rxa1 Nb5 30. Nb3 Kf8 31. Ra6 Rc8 32. Kf1 Ke8 33. Ke2 Kd7 34. Kd3 Rb8 35. f4 Bc7 36.
Be3 Bd8 37. Nd4 Nxd4 38. Ra7+ Bc7 39. Bxd4 Kc8 40. Be3 Rb7 41. Ra8+ Rb8 42. Ra7 Rb7 43. Ra6 Kd7 44. Bd2 Bb8 45. c4 dxc4+ 46. Kxc4 Bc7 47. Bc3 Bb8 48. Rb6 Kc7 49. Bd4 Ba7 50. Ra6 Bb8 51. Bc3 Ra7 52. Rxa7+ Bxa7 53. b5 Kb7 54. Ba5 Bb8 55. Bd8 h5 56. Be7 g6 57. Bd6 Bc7 58. Bxc7 Kxc7 59. Kb4 Kb7 60. Ka5 Kc7 61. Ka6 cxb5 62. Kxb5 Kb7 63. c6+ Kb8 64. Kc5 Kc7 65.
h3 1-0

[Event "Late-Titled-Tuesday-Blitz-November-28-2023"]
[Site "Chess.com"]
[Date "2023.11.28"]
[Round "5"]
[White "Perecke"]
[Black "IMRosen"]
[Result "0-1"]
[WhiteElo "2499"]
[BlackElo "2701"]
[TimeControl "180+1"]
[EndTime "14:54:50 PST"]
[Termination "IMRosen won on time"]

1. e4 c5 2. Nf3 e6 3. d4 cxd4 4. Nxd4 Nc6 5. Nc3 Qc7 6. Be3 a6 7. g4 h6 8. Rg1 Qxh2 9. Rg3 Bd6 10. Nf3 Bxg3 11. Nxh2 Bxh2 12. Qf3 Bc7 13. O-O-O Nge7 14. g5 hxg5 15. Bxg5 f6 16. Bf4 Ne5 17. Qg2 g5 18.
Bg3 N7g6 19. Be2 b5 20. Rh1 Rxh1+ 21. Qxh1 Bb7 22. Bxe5 Bxe5 23. Qh5 O-O-O 24. Qxg6 Rh8 25. Bf3 Rh2 26. Nd1 Rh3 27. Bg4 Rh4 28. Bf3 Rh3 29. Be2 Rh4 30. f3 Rh2 31. Kd2 Kc7 32. Qe8 b4 33.
Qe7 Bd6 34. Qxf6 Rh4 35. Ne3 Bf4 36. Kd3 a5 37. c4 bxc3 38. bxc3 Bc6 39. c4 Rh1 40. Qb2 a4 41. Nc2 Kd8 42. Nd4 Ba8 43. Qb6+ Bc7 44. Qa7 Bc6 45. Nxc6+ dxc6 46. Qxa4 Rh3 47.
Qxc6 g4 48. Qxe6 Rg3 49. Qf6+ Kc8 50. Qf5+ Kb8 51. Kc2 Rg2 52. Kd1 g3 53. Qg4 Rh2 54. Kd2 g2 55. Kd3 Bb6 56. Qg8+ Ka7 57. c5 Bxc5 58. Qf7+ Kb6 59. Qb3+ Kc7 60. Qf7+ Kb6 61. Qb3+ Kc6 62. Qd5+ Kb6 63. Qe6+ Kc7 64. Qe5+ Bd6 65. Qxh2 Bxh2 0-1

[Event "Late-Titled-Tuesday-Blitz-November-28-2023"]
[Site "Chess.com"]
[Date "2023.11.28"]
[Round "5"]
[White "carloseduar100"]
[Black "Mikhal867"]
[Result "1-0"]
[WhiteElo "2272"]
[BlackElo "2404"]
[TimeControl "180+1"]
[EndTime "14:54:50 PST"]
[Termination "carloseduar100 won on time"]

1. g3 c5 2. Bg2 d5 3. c4 d4 4.
d3 e5 5. a3 Nf6 6. Nd2 Nc6 7.
Ngf3 Bd6 8. O-O Qe7 9. Ng5 a5 10. Nge4 Bc7 11. b3 Nd7 12. Nf3 h6 13. e3 O-O 14. exd4 cxd4 15. Re1 f5 16. Ned2 Nc5 17. Qc2 e4 18. dxe4 d3 19. Qc3 fxe4 20. Bb2 Bf5 21. b4 axb4 22. axb4 Na4 23. Rxa4 Rxa4 24. Nxe4 Bxe4 25. Rxe4 Qf6 26. Qxf6 gxf6 27. b5 Na5 28. Re7 Nxc4 29. Bc3 Ba5 30. Bxa5 Rxa5 31. Rd7 Ra3 32.
Bf1 Nb2 33. Rxb7 Rd8 34. Nd2 Na4 35. Kg2 Ra2 36. Ne4 Ra8 37. Bxd3 f5 38. Bc4+ Kf8 39. Bxa2 fxe4 40. Rf7+ Ke8 41. Bd5 Rd8 42. Rf5 Nc5 43. Bc6+ Nd7 44. Re5+ Kf7 45. Bxd7 Rxd7 46. Rxe4 Rb7 47.
Rb4 Ke6 48. f4 Kf5 49. Kf3 Rb6 50. h3 h5 51. g4+ Kg6 52. f5+ Kg5 53. Kg3 h4+ 54.
Kf3 Rd6 55. b6 Rd3+ 56. Kg2 Rd2+ 57. Kf3 Rd3+ 58. Ke4 Rd8 59. b7 Rb8 60. Rb6 Re8+ 61. Re6 1-0

[Event "Late-Titled-Tuesday-Blitz-November-28-2023"]
[Site "Chess.com"]
[Date "2023.11.28"]
[Round "5"]
[White "Statham_l3"]
[Black "Mikasinski"]
[Result "0-1"]
[WhiteElo "2565"]
[BlackElo "2713"]
[TimeControl "180+1"]
[EndTime "14:54:53 PST"]
[Termination "Mikasinski won on time"]

1. e4 c5 2. Nf3 d6 3. d4 cxd4 4. Nxd4 Nf6 5. Nc3 g6 6. Be3 Bg7 7. f3 O-O 8. Qd2 Nc6 9. O-O-O Bd7 10. h4 Rc8 11. h5 Nxh5 12. g4 Ng3 13. Rh3 Nxf1 14.
Rxf1 Ne5 15. Qh2 Rxc3 16. Rxh7 f6 17. Rh1 Kf7 18. Rxg7+ Ke8 19. bxc3 Qa5 20. Qh7 Qxc3 21. Rxe7+ Kd8 22. Rxd7+ Nxd7 23. Ne6+ Kc8 24. Nxf8 Qxe3+ 25. Kb1 Qb6+ 26. Kc1 Nxf8 27. Qe7 Qe3+ 28. Kb1 Qb6+ 29.
Kc1 Qe3+ 30. Kb2 Qd4+ 31. c3 Qb6+ 32. Ka1 Qd8 33. Qf7 Nd7 34. Rh7 Kc7 35. Qc4+ Kb6 36. Qb4+ Kc6 37. c4 a6 38. Qa4+ Kc7 39. Qa5+ b6 40.
Qxa6 Qe8 41. Qa7+ Kc6 42. Qa4+ Kc7 43. f4 g5 44. Qxd7+ Qxd7 45. Rxd7+ Kxd7 46. fxg5 fxg5 47. Kb2 Ke6 48. Kc3 Ke5 49. Kd3 Kf4 50. a4 Kxg4 51. e5 Kf5 52. exd6 Ke6 53. c5 bxc5 54. a5 Kxd6 55. a6 Kc6 56. Kc4 g4 57. a7 Kb7 58.
Kxc5 g3 0-1

[Event "Late-Titled-Tuesday-Blitz-November-28-2023"]
[Site "Chess.com"]
[Date "2023.11.28"]
[Round "5"]
[White "Schwindle"]
[Black "sansanathalia"]
[Result "0-1"]
[WhiteElo "2365"]
[BlackElo "2209"]
[TimeControl "180+1"]
[EndTime "14:54:53 PST"]
[Termination "sansanathalia won by resignation"]

1. e4 c5 2. Nf3 Nf6 3. Nc3 d5 4. exd5 Nxd5 5. Bc4 Nxc3 6. bxc3 e6 7. O-O Be7 8. d4 O-O 9. Rb1 Nd7 10. Re1 Nf6 11.
Bg5 a6 12. Qe2 cxd4 13. cxd4 Qa5 14. Ne5 h6 15. Bh4 Qc7 16. Bd3 Nd5 17. Bxe7 Qxe7 18. Qe4 f5 19. Qf3 Qg5 20. g3 b5 21. c4 bxc4 22. Bxc4 Rd8 23. Nc6 Rd6 24. Bxd5 Rxd5 25. Ne7+ Qxe7 26. Qxd5 Ra7 27. Qc6 Rc7 28. Qa8 Kh7 29. Rbc1 Bb7 30. Qa7 Qd6 31. Rxc7 Qxc7 32. Qc5 Qd7 33. h4 Ba8 34. Re3 Qb7 35. f3 Qb1+ 36.
Kf2 Qxa2+ 37. Re2 Qb3 38. Re3 Qb2+ 39. Ke1 Qb1+ 40. Ke2 Qb2+ 41. Kd3 Qb3+ 42. Qc3 Qd1+ 43. Kc4 Bd5+ 44. Kc5 Qa4 45. Kd6 Qb5 46. Qc5 Qb8+ 47.
Qc7 Qb4+ 48. Ke5 Qd2 49. Qc3 Qf2 50. g4 Qg3+ 51. f4 Qxg4 52. Kd6 Qxf4+ 53. Re5 Qxh4 54.
Qc7 Qf6 55. Qe7 Qxe7+ 56. Kxe7 h5 57. Re1 h4 58. Ra1 h3 59. Ra3 Bg2 60. d5 exd5 61. Kd6 d4 62. Ke5 d3 63. Rxd3 g5 64. Kf6 h2 65.
Rd7+ Kg8 66. Rd8+ Kh7 67. Rd7+ Kh6 68. Rd8 Kh5 69. Rh8+ Kg4 70. Rxh2 Kg3 71. Rh8 g4 0-1

[Event "Late-Titled-Tuesday-Blitz-November-28-2023"]
[Site "Chess.com"]
[Date "2023.11.28"]
[Round "5"]
[White "wannabe2700"]
[Black "FaustinoOro"]
[Result "0-1"]
[WhiteElo "2624"]
[BlackElo "2854"]
[TimeControl "180+1"]
[EndTime "14:54:54 PST"]
[Termination "FaustinoOro won by resignation"]

1. e4 c5 2. Nf3 d6 3. Bb5+ Nd7 4. d4 cxd4 5. Qxd4 a6 6. Be2 Ngf6 7. Nc3 e6 8. O-O Be7 9. Rd1 O-O 10. e5 dxe5 11. Nxe5 Nxe5 12. Qxe5 Bd7 13. Bf3 Qc8 14. Be3 Bc6 15. Qg3 Bxf3 16. Qxf3 b5 17. a3 Qc4 18.
Rd4 Qc7 19. Rad1 Rac8 20. h3 h6 21. R4d3 Rfd8 22. Bf4 Rxd3 23. Rxd3 Qc6 24. Qxc6 Rxc6 25. Kf1 Kf8 26. g4 Ke8 27. Ke2 Nd7 28. Kd1 Nc5 29.
Rd2 Bf6 30. f3 Bxc3 31. bxc3 Na4 32. Kc1 f6 33. Rd6 Rxd6 34. Bxd6 Nxc3 35. Kd2 Nd5 36. Kd3 g6 37. c4 bxc4+ 38. Kxc4 Kd7 39. Bf8 h5 40. gxh5 gxh5 41. Bh6 Kc6 42. Bd2 e5 43.
Kd3 Kd6 44. Ke4 Ke6 45. Kd3 f5 46. Kc4 Nf6 47. Kc5 e4 48. Kd4 exf3 49. Ke3 Ne4 50. Be1 f2 51. Bxf2 Nxf2 52. Kxf2 Ke5 53. Ke3 f4+ 54.
Kf3 h4 55. a4 a5 56. Kf2 Ke4 57. Ke2 f3+ 58. Kf2 Kf4 59. Kf1 Kg3 60. Kg1 Kxh3 61. Kf2 Kg4 62. Kg1 Kg3 63. Kh1 Kf2 64. Kh2 Ke2 65. Kh3 f2 66. Kxh4 f1=Q 0-1

[Event "Late-Titled-Tuesday-Blitz-November-28-2023"]
[Site "Chess.com"]
[Date "2023.11.28"]
[Round "5"]
[White "Dzidzik2203"]
[Black "Alex_Banzea"]
[Result "1/2-1/2"]
[WhiteElo "2412"]
[BlackElo "2667"]
[TimeControl "180+1"]
[EndTime "14:54:55 PST"]
[Termination "Game drawn - insufficient material"]

1. d4 Nf6 2. Nf3 g6 3. Bf4 Bg7 4. e3 O-O 5. h3 d5 6. Bd3 c5 7. c3 Nc6 8. O-O Nd7 9. Nbd2 e5 10. dxe5 Ndxe5 11. Nxe5 Nxe5 12. Be2 Be6 13. Nf3 Nc6 14.
Qa4 h6 15. Rfd1 Qe7 16. e4 d4 17. Bb5 Rac8 18. Bxc6 Rxc6 19. cxd4 cxd4 20. Nxd4 Rc4 21. Qxa7 Qb4 22. Be3 Qxb2 23. Rab1 Qc3 24. Rb3 Rxd4 25.
Bxd4 Bxd4 26. Qxd4 Qxd4 27. Rxd4 Bxb3 28. axb3 Rc8 29. Rd7 b5 30. Rd5 Rb8 31. f4 Kf8 32. Kf2 Ke7 33. Ke3 Ke6 34. Rc5 h5 35. b4 Rb7 36. h4 Rb8 37. f5+ Kf6 38. Kf4 Kg7 39. Kg5 Rb6 40. e5 gxf5 41. Kxf5 Rg6 42. Rxb5 Rxg2 43. Rb7 Rf2+ 44. Ke4 Re2+ 45. Kd4 Kg6 46. b5 Rh2 47. Rc7 Rxh4+ 48. Kc5 Re4 49. b6 Rxe5+ 50. Kc6 Re1 51. b7 Rb1 52. Rc8 h4 53. b8=Q Rxb8 54.
Rxb8 Kf5 55. Kd5 Kf4 56. Rf8 f5 57. Ke6 Kg3 58. Kxf5 h3 59. Rg8+ Kf2 60. Rh8 Kg2 61. Rg8+ Kf3 62. Rh8 Kg2 63. Kg4 h2 64. Ra8 h1=Q 65.
Ra2+ Kg1 66. Ra1+ Kg2 67. Rxh1 Kxh1 1/2-1/2

[Event "Late-Titled-Tuesday-Blitz-November-28-2023"]
[Site "Chess.com"]
[Date "2023.11.28"]
[Round "5"]
[White "WindWhistler11"]
[Black "tolimachess"]
[Result "1-0"]
[WhiteElo "2553"]
[BlackElo "2383"]
[TimeControl "180+1"]
[EndTime "14:54:57 PST"]
[Termination "WindWhistler11 won by checkmate"]

1. Nf3 c5 2. g3 b6 3. Bg2 Bb7 4. O-O Nf6 5. d3 g6 6. Nbd2 Bg7 7. e4 O-O 8. a4 d5 9. e5 Nfd7 10. e6 fxe6 11. Ng5 Rf6 12. Bh3 Nf8 13. Re1 Bc8 14. c4 h6 15. Ngf3 Nc6 16. Nf1 dxc4 17. Bg2 cxd3 18. Ne5 Nxe5 19. Bxa8 Qd4 20. Be3 Qxb2 21. Rb1 Qc2 22. Bf4 Nc4 23. Be4 Na3 24. Bxd3 Qxd1 25.
Rbxd1 Bb7 26. Be5 Rf3 27. Bxg7 Kxg7 28. Re3 c4 29. Be2 Rxe3 30. Nxe3 c3 31. Ra1 c2 32.
Bd3 Bd5 33. Kf1 Bb3 34. Ke1 b5 35. axb5 Nb1 36. Bxc2 Bxc2 37. Nxc2 Nc3 38. Ra5 e5 39. Nb4 Ne6 40. Nc6 Nc5 41. Nxa7 Nb3 42. Ra6 Nxb5 43.
Nxb5 Nd4 44. Nxd4 exd4 45. Re6 Kf7 46. Re4 Kf6 47. Rxd4 e5 48. Re4 Kf5 49. f3 h5 50.
Ke2 g5 51. h3 Kf6 52. Ke3 Kf5 53. Kd3 Ke6 54. Kc4 Kd6 55. Kb5 Kd5 56. Kb6 Kd6 57. g4 h4 58. Kb5 Kd5 59. Kb4 Kd6 60. Kc4 Ke6 61. Kc5 Ke7 62. Kd5 Kf6 63. Kd6 Kf7 64.
Kxe5 Kg6 65. Ke6 Kg7 66. Kf5 Kh6 67. Kf6 Kh7 68. Kxg5 Kg8 69. Kxh4 Kf7 70. Kg5 Kg7 71.
Kf5 Kf7 72. f4 Kg7 73. g5 Kf7 74. h4 Kg7 75. Kg4 Kg8 76. f5 Kf7 77. h5 Kg7 78. Kf4 Kf7 79. Re5 Kg8 80. Ra5 Kf8 81. Ke4 Kf7 82. Ke5 Ke8 83. Ra6 Kd7 84. f6 Kc7 85.
Re6 Kb7 86. g6 Kc7 87. h6 Kd7 88. f7 Kd8 89. g7 Kc7 90. f8=Q Kb7 91. g8=Q Kc7 92.
h7 Kb7 93. h8=Q Ka7 94. Qgg7# 1-0

[Event "Late-Titled-Tuesday-Blitz-November-28-2023"]
[Site "Chess.com"]
[Date "2023.11.28"]
[Round "5"]
[White "Dino_Ballecer"]
[Black "wanyaland"]
[Result "1-0"]
[WhiteElo "2582"]
[BlackElo "2439"]
[TimeControl "180+1"]
[EndTime "14:54:57 PST"]
[Termination "Dino_Ballecer won by resignation"]

1. e4 c5 2. Nf3 e6 3. d3 d6 4. g3 Nf6 5. Bg2 Be7 6. O-O O-O 7. Re1 Nc6 8. c3 Re8 9. d4 e5 10. dxe5 dxe5 11. Qe2 h6 12. Na3 Be6 13. Nd2 a6 14. Nf1 b5 15. Rd1 Qa5 16. Ne3 Rad8 17. Bd2 c4 18. Nac2 Bc5 19. a3 Qb6 20. Nf1 Ng4 21.
Be3 Nd4 22. cxd4 exd4 23. Bxd4 Bxd4 24. Nxd4 Rxd4 25. Rxd4 Qxd4 26. Rd1 Qb6 27. h3 Ne5 28. Ne3 Nd3 29. Rd2 Qc5 30. Qf3 Qe5 31. b3 Qa1+ 32.
Bf1 Qxa3 33. bxc4 bxc4 34. Nxc4 Bxc4 35. Bxd3 Bxd3 36. Rxd3 Qa1+ 37. Kg2 Qe5 38. Re3 a5 39. Qd1 Qe7 40. Qa4 Ra8 41. e5 Qb7+ 42. Kh2 Qb4 43.
Qxb4 axb4 44. Rb3 Rb8 45. Kg2 Kf8 46. Kf3 Ke7 47. Ke4 Ke6 48. f4 f5+ 49. exf6 gxf6 50. Kd4 Kf5 51. Kc4 Ke4 52. Kc5 f5 53. Kd6 Kd4 54.
Ke6 Rb5 55. Kf6 Kc4 56. Rb1 b3 57. Kg6 Kc3 58. Kxh6 Kc2 59. Rg1 b2 60. g4 fxg4 61. hxg4 Rb4 62. Kg5 b1=Q 63. Rxb1 Kxb1 64. f5 Kc2 65. f6 Rb8 66. Kf5 Kd3 67. g5 Rb5+ 68.
Kf4 Rb4+ 69. Kg3 Rb6 70. f7 Rb8 71. g6 Ke4 72. g7 1-0

[Event "Late-Titled-Tuesday-Blitz-November-28-2023"]
[Site "Chess.com"]
[Date "2023.11.28"]
[Round "5"]
[White "alexrustemov"]
[Black "Grischuk"]
[Result "0-1"]
[WhiteElo "2850"]
[BlackElo "3086"]
[TimeControl "180+1"]
[EndTime "14:55:02 PST"]
[Termination "Grischuk won on time"]

1. d4 e6 2. c4 Bb4+ 3. Bd2 a5 4.
g3 Nf6 5. Bg2 d6 6. Nf3 Nbd7 7.
O-O e5 8. Bg5 exd4 9. Nxd4 h6 10.
Bc1 O-O 11. Nc2 Bc5 12. Be3 Re8 13. Bxc5 Nxc5 14. Nc3 Be6 15. Ne3 Qd7 16. Qd4 Bh3 17. Ned5 Nxd5 18. cxd5 Bxg2 19. Kxg2 Re7 20. Rac1 Rae8 21.
e3 Re5 22. h4 b5 23. Ne2 Qf5 24. Nf4 Re4 25. Qd2 g5 26. hxg5 hxg5 27. Nh5 g4 28.
Nf4 R4e5 29. Rh1 Qe4+ 30. Kg1 b4 31. Rh4 f5 32. Rd1 R5e7 33. Qd4 Qxd4 34. exd4 Ne4 35. Rh5 Rf7 36. Kg2 Ree7 37. Ng6 Rd7 38. Rdh1 Rh7 39. Rxf5 Rxh1 40. Kxh1 Rf7 41. Rxf7 Kxf7 42. Nf4 Ke7 43. Kg2 Nd2 44. b3 Nf3 45. Ne2 Kf6 46. Ng1 Nxd4 47.
f4 gxf3+ 48. Kf2 Ke5 49. g4 Kxd5 50. Kg3 Ke5 51. Nh3 c5 52. Nf2 Ne2+ 53. Kxf3 Nc1 54. Kg3 Nxa2 55. g5 Kf5 56. Kh4 Kg6 57. Nh3 Nc1 58.
Nf4+ Kg7 59. Kh5 Nxb3 60. Ne6+ Kf7 61. g6+ Kxe6 62. Kh6 Nd4 63. Kh7 Nf5 64. Kg8 Ne7+ 65. Kh7 Nxg6 66. Kxg6 b3 0-1

[Event "Late-Titled-Tuesday-Blitz-November-28-2023"]
[Site "Chess.com"]
[Date "2023.11.28"]
[Round "5"]
[White "Maxfan2008"]
[Black "Sulthankan"]
[Result "1/2-1/2"]
[WhiteElo "2544"]
[BlackElo "2389"]
[TimeControl "180+1"]
[EndTime "14:55:02 PST"]
[Termination "Game drawn by repetition"]

1. d4 Nf6 2. c4 g6 3. Nc3 d5 4. h4 c5 5. Nf3 cxd4 6. Nxd4 Bg7 7. e3 O-O 8. Be2 dxc4 9. Bxc4 Bg4 10. f3 Bd7 11. e4 Qc7 12. Bb3 Qg3+ 13. Kf1 Nc6 14.
Nce2 Qc7 15. Bf4 Qb6 16. Be3 Qa6 17. Rc1 Nxd4 18. Bxd4 Bb5 19. a4 Bd3 20. Rc3 Bxe2+ 21.
Qxe2 Qxe2+ 22. Kxe2 Rfd8 23. Be3 Nh5 24. Rhc1 Bxc3 25.
Rxc3 Rac8 26. Bc4 a6 27. a5 Nf6 28. b3 Nd7 29. Rc1 Ne5 30. h5 Nxc4 31. bxc4 gxh5 32. c5 Rd7 33. Rh1 Rcd8 34. Rb1 Rc8 35. Rh1 Rcd8 36.
Rxh5 Rd3 37. Rg5+ Kf8 38. Rh5 Kg7 39. Rg5+ Kf8 40. Rh5 Ra3 41. Rxh7 Kg8 42. Rh1 Ra2+ 43. Kf1 Ra1+ 44. Kf2 Rxh1 45. Kg3 Ra1 46. Bf4 Rxa5 47. Bc7 Rc8 48. Bxa5 Rxc5 49. Bb4 Rb5 50. Bxe7 a5 51.
Kf4 a4 52. g4 Rb3 53. g5 a3 54. Bf6 a2 55. Kg4 Rb1 56. f4 a1=Q 57. Bxa1 Rxa1 58.
f5 Ra5 59. Kf4 Kg7 60. e5 Ra4+ 61. Kf3 b5 62. Ke3 Rg4 63. f6+ Kg6 64. e6 fxe6 65. f7 Kxf7 66. Kd3 Kg6 67. Kc3 Kxg5 68. Kb3 Kf5 69.
Kc3 Ke5 70. Kd3 Kd5 71. Kc3 Kc5 72. Kb3 e5 73. Kc3 Rh4 74. Kd2 Rh6 75. Ke3 Rg6 76. Ke4 Re6 77. Kd3 Re8 78. Kc3 Kd5 79. Kd2 Kc6 80. Ke3 Kb6 81. Kd3 Kc6 82. Kc3 Kb6 83.
Kb3 Kc6 84. Kc3 Kb6 85. Kd3 Kc6 86. Ke3 Kc5 87. Kd3 b4 88. Kc2 Kb5 89. Kb3 Kc5 90.
Kc2 Kb5 91. Kb3 Ka5 92. Kc2 Ka4 93. Kb2 Kb5 94. Kc2 Ka5 95. Kb3 Kb5 96. Kb2 Kc5 97.
Kc2 1/2-1/2

[Event "Late-Titled-Tuesday-Blitz-November-28-2023"]
[Site "Chess.com"]
[Date "2023.11.28"]
[Round "5"]
[White "Alimpic"]
[Black "Teidi96"]
[Result "1/2-1/2"]
[WhiteElo "2504"]
[BlackElo "2289"]
[TimeControl "180+1"]
[EndTime "14:55:02 PST"]
[Termination "Game drawn by stalemate"]

1. d4 Nf6 2. Nf3 d5 3. g3 e6 4. Bg2 Be7 5. O-O O-O 6. c4 dxc4 7. Qc2 a6 8. Qxc4 b5 9. Qc2 Bb7 10. Bg5 Nbd7 11. Bxf6 Nxf6 12. Nbd2 Rc8 13. Nb3 Be4 14. Qc3 Bd5 15. Rfd1 Ne4 16. Qc1 c5 17. dxc5 Nxc5 18. Nxc5 Rxc5 19. Qe3 Qc7 20. Nd4 Bxg2 21. Kxg2 Rc8 22.
Nb3 Qc6+ 23. Kg1 Rd5 24. Rxd5 Qxd5 25. Rc1 Rxc1+ 26. Qxc1 g6 27. Qd2 Qe4 28. Qd3 Qxd3 29. exd3 Bf6 30. d4 Kf8 31. f4 Ke7 32. Kf2 Kd6 33. Ke3 Kd5 34. Kd3 h5 35. h3 h4 36.
g4 b4 37. Nc5 a5 38. Nb3 a4 39. Nc5 a3 40. bxa3 bxa3 41. Nb3 Be7 42. Nc1 Bd6 43. Ne2 Bc7 44. Nc3+ Kc6 45. Ke4 Ba5 46. Na4 Kb5 47. Nc5 Kc4 48. f5 exf5+ 49. gxf5 gxf5+ 50. Kxf5 Bc3 51. Kg4 Bxd4 52. Ne4 Kd3 53. Nd6 Bf2 54. Nxf7 Kc3 55. Nd6 Kb2 56. Nb5 Kxa2 57. Nxa3 Kxa3 58.
Kf3 Bg3 59. Kg2 Kb4 60. Kh1 Kc5 61. Kg2 Kd5 62. Kh1 Ke5 63. Kg2 Kf5 64. Kh1 Kf4 65. Kg2 Ke3 66. Kh1 Kf2 1/2-1/2

[Event "Late-Titled-Tuesday-Blitz-November-28-2023"]
[Site "Chess.com"]
[Date "2023.11.28"]
[Round "5"]
[White "hristos03"]
[Black "HajiyevKanan"]
[Result "1-0"]
[WhiteElo "2373"]
[BlackElo "2487"]
[TimeControl "180+1"]
[EndTime "14:55:19 PST"]
[Termination "hristos03 won on time"]

1. e4 c6 2. d4 d5 3. e5 a6 4. Nf3 Bg4 5. Be2 e6 6. O-O c5 7.
c3 Nc6 8. Na3 Nge7 9. h3 Bxf3 10. Bxf3 cxd4 11. cxd4 Nf5 12. Nc2 Qb6 13. Be3 Be7 14.
Rb1 O-O 15. Bg4 Nxe3 16. fxe3 Rac8 17. Ne1 Na5 18. b3 Ba3 19. Nd3 Rc3 20. Qd2 Rfc8 21. Nf4 Rc2 22. Qd3 R8c3 23. Qd1 Rxa2 24. Qf3 Rcc2 25.
Kh1 h6 26. Nxd5 Qd8 27. Qxf7+ Kh8 28. Nf6 Rxg2 29. Bf3 Rh2+ 30. Kg1 gxf6 31. exf6 Qg8+ 32. Qxg8+ Kxg8 33. f7+ Kxf7 34. Bg2+ Kg7 35. Kxh2 Nc6 36. Kg1 Ne7 37. Rbc1 Nf5 38. Rc7+ Kg6 39. Be4 Kg5 40. Bxf5 exf5 41. Rg7+ Kh4 42. Rg6 h5 43. Rxf5 Rb2 44. Rh6 Kg3 45. Rg5+ Kf3 46. Rhxh5 Rb1+ 47. Kh2 Rb2+ 48.
Kh1 Rb1+ 49. Rg1 Rxb3 50. Rf5+ Ke4 51. Rf4+ Kxe3 52. Rg3+ Kxf4 53. Rxb3 Bd6 54. Rxb7 a5 55. Ra7 Bb4 56. Kg2 Ke4 57. Kg3 Kxd4 58. Kg4 Kc4 59. h4 Kb5 60. h5 Bc5 61. Rb7+ Bb6 62. Rd7 a4 63. Rd1 Kb4 64. Kf5 a3 65. Rb1+ Ka5 66.
h6 Bd4 67. Rb3 Ka4 68. Rd3 a2 69. Rxd4+ Kb3 70. Rd1 Kb2 71. h7 Kc2 72. Rh1 Kb3 73. h8=Q a1=Q 74. Qxa1 1-0

[Event "Late-Titled-Tuesday-Blitz-November-28-2023"]
[Site "Chess.com"]
[Date "2023.11.28"]
[Round "5"]
[White "Hrant_ChessMood"]
[Black "Hasangatin_Ramil"]
[Result "1-0"]
[WhiteElo "2942"]
[BlackElo "2703"]
[TimeControl "180+1"]
[EndTime "14:55:35 PST"]
[Termination "Hrant_ChessMood won by checkmate"]

1. Nf3 d5 2. d4 Nf6 3. c4 c6 4. e3 Bg4 5. h3 Bh5 6. g4 Bg6 7. Ne5 Nbd7 8. Nxg6 hxg6 9. Bg2 e6 10.
Nd2 Bb4 11. Qb3 Qb6 12. O-O Bxd2 13. Bxd2 dxc4 14. Qxc4 Qxb2 15. Bb4 Nb6 16. Qc5 Nfd5 17. Rfb1 Qe2 18. Ba3 O-O-O 19. Bb4 Qb5 20. Qxb5 cxb5 21.
Ba5 Nc7 22. Bxb6 axb6 23. a4 Kb8 24. Rb4 Rc8 25. axb5 Nd5 26. Bxd5 exd5 27. Kg2 g5 28. Rbb1 Rc2 29. Rc1 Rhc8 30. Rxc2 Rxc2 31. Rb1 Kc7 32. Kg3 Kd6 33. Rh1 Rb2 34. h4 gxh4+ 35. Rxh4 g6 36.
Rh8 Rxb5 37. Rf8 Ke6 38. Rb8 Rb1 39. Rxb7 b5 40. Rb6+ Kd7 41. Kf4 Kc7 42. Rf6 b4 43. Rxf7+ Kc6 44. Rf8 Kc7 45. Ra8 b3 46. Ra5 Kb6 47. Ra8 Kb5 48. Ke5 b2 49. Kxd5 Kb4 50.
Rb8+ Kc3 51. Rc8+ Kd3 52. Rb8 Kc3 53. e4 Rf1 54. e5 b1=Q 55. Rxb1 Rxb1 56. e6 Re1 57. f4 Rd1 58. e7 Re1 59. Kd6 Kxd4 60. f5 gxf5 61. gxf5 Rf1 62. e8=Q Rxf5 63. Qa4+ Ke3 64.
Ke6 Rf4 65. Qb3+ Kf2 66. Ke5 Rf3 67. Qc2+ Kg3 68. Qg6+ Kf2 69. Qg4 Rg3 70. Qd1 Rf3 71. Ke4 Re3+ 72. Kf4 Re2 73. Qd4+ Kg2 74. Qd3 Rf2+ 75.
Kg4 Kg1 76. Qd1+ Rf1 77. Qd5 Rf2 78. Kg3 Re2 79. Qd1+ Re1 80. Qxe1# 1-0